 Dungeon Crawl Stone Soup version 0.28.0-47-ge53b351184 (webtiles) character file.

Game seed: 12935352311308648421

103 Bruhh the Chopper (level 4, 0/39 HPs)
             Began as a Hill Orc Fighter on May 1, 2022.
             Slain by a steam dragon (1 damage)
             ... on level 3 of the Dungeon.
             The game lasted 00:02:54 (2841 turns).

Bruhh the Chopper (Hill Orc Fighter)                Turns: 2841, Time: 00:02:55

Health: 0/39       AC:  6    Str: 20    XL:     4   Next: 79%
Magic:  4/4        EV:  9    Int:  8    God:
Gold:   86         SH:  4    Dex: 10    Spells: 3/3 levels left

rFire   . . .      SeeInvis .   a - +0 war axe
rCold   . . .      Faith    .   c - +0 buckler
rNeg    . . .      Spirit   .   b - +0 scale mail
rPois   .          Reflect  .   (no helmet)
rElec   .          Harm     .   (no cloak)
rCorr   .          Rampage  .   (no gloves)
Will    .....                   (no boots)
Stlth   ..........              (no amulet)
HPRegen 0.13/turn               (no ring)
MPRegen 0.09/turn               (no ring)

@: no status effects
A: no striking features
a: no special abilities


You were on level 3 of the Dungeon.
You visited 1 branch of the dungeon, and saw 3 of its levels.

You collected 86 gold pieces.

Inventory:

Hand Weapons
 a - a +0 war axe (weapon)
Missiles
 l - a throwing net (quivered)
Armour
 b - a +0 scale mail (worn)
 c - a +0 buckler (worn)
Jewellery
 g - a ring of magical power
Scrolls
 d - a scroll of torment {unknown}
 i - a scroll of fear {unknown}
 j - a scroll of identify {unknown}
 k - a scroll of noise {unknown}
Potions
 e - a potion of degeneration {unknown}
 f - a potion of ambrosia {unknown}
 h - a potion of flight {unknown}


   Skills:
 - Level 3.6 Fighting
 * Level 6.4 Axes
 - Level 3.2 Armour
 - Level 3.2 Shields


You had 3 spell levels left.
You didn't know any spells.
Your spell library contained the following spells:

 Spells                   Type           Power      Damage    Failure   Level
 Ensorcelled Hibernation  Hex/Ice        0%         N/A       94%         2
 Passwall                 Tmut/Erth      0%         N/A       94%         2
 Swiftness                Air            0%         N/A       99%         3


Dungeon Overview and Level Annotations

Branches:
Dungeon (3/15)

Altars:


Message History

You block the endoplasm's attack.
You hit the endoplasm.
You kill the endoplasm!
No target in view!
No target in view!
A steam dragon comes into view.
Found 11 gold pieces.
The steam dragon hisses angrily.
A steam dragon is nearby!
A steam dragon is nearby!
A steam dragon is nearby!
A steam dragon is nearby!
The steam dragon breathes steam at you. The ball of steam misses you.
A steam dragon is nearby!
You closely miss the steam dragon. The steam dragon bites you!
The steam dragon closely misses you. The steam dragon bites you!
The steam dragon claws you but does no damage.
You barely miss the steam dragon. The steam dragon bites you.
The steam dragon closely misses you.
You barely miss the steam dragon. The steam dragon breathes steam at you.
The ball of steam hits you!
* * * LOW HITPOINT WARNING * * *
You are too injured to fight recklessly!
You are too injured to fight recklessly!
You are too injured to fight recklessly!
You hit the steam dragon.
The steam dragon is lightly wounded.
You are engulfed in a cloud of scalding steam.
* * * LOW HITPOINT WARNING * * *
The steam dragon bites you but does no damage.
The steam dragon claws you.
* * * LOW HITPOINT WARNING * * *
You hit the steam dragon but do no damage.
The steam dragon is lightly wounded.
You are engulfed in a cloud of scalding steam.
* * * LOW HITPOINT WARNING * * *
The steam dragon bites you.
You die...

### .########
######.## .
........# #.......#
#.
.....##.###)####.##
#.. # #......<)#
#.##
#...#.#.##.#####
#..# ...[..#.##.#
##.# #.#....@..#
#.# #.....D########
#.#
#......ยงยง$.D..#
#g#
......#........#
###.#
.....##........#
#...# ...#)
.........# #>###
#... ..........#
#.#
#.######.......#
#g# #.# #.......#
#.#


You could see a steam dragon (catching breath).

Vanquished Creatures
  4 gnolls
  3 adders (D:2)
  6 ball pythons
  4 endoplasms
  2 giant cockroaches
  2 goblins (D:1)
  4 hobgoblins
  A quokka (D:2)
  4 bats
  2 frilled lizards
  4 kobolds
  4 rats
40 creatures vanquished.

Notes
Turn   | Place    | Note
-------+----------+-------------------------------------------
     0 | D:1      | Bruhh the Hill Orc Fighter began the quest for the Orb.
     0 | D:1      | Reached XP level 1. HP: 19/19 MP: 1/1
   193 | D:1      | Reached skill level 3 in Axes
   614 | D:1      | Reached XP level 2. HP: 26/26 MP: 2/2
   665 | D:1      | Reached skill level 4 in Axes
   750 | D:1      | Found a faded altar of an unknown god.
  1053 | D:2      | Reached XP level 3. HP: 26/31 MP: 3/3
  1317 | D:2      | Reached skill level 5 in Axes
  1664 | D:2      | Reached XP level 4. HP: 32/39 MP: 4/4
  2549 | D:2      | Reached skill level 6 in Axes
  2828 | D:3      | Noticed a steam dragon
  2841 | D:3      | HP: 1/39 [steam dragon] (7)]
  2841 | D:3      | Slain by a steam dragon

Illustrated notes

Levels and vault maps discovered:
D:1:      minmay_arrival_nine_rooms, layout_basic,
          hellmonk_ecumenical_altar_arch_garden, ebering_dispersal_statue_hall
D:2:      layout_loops_ring
D:3:      layout_loops_cross

Skill      XL: |  1  2  3  4 |
---------------+-------------+-----
Axes           | 3 4 5 6 |  6.4
Fighting       | |  3.6
Armour         | |  3.2
Shields        | |  3.2

Action                   |  1- 3 |  4- 6 || total
-------------------------+-------+-------++-------
Melee: War axe           |    79 |    33 ||   112
  Use: Potion            |     1 |       ||     1
Armor: Scale mail        |    37 |    11 ||    48
Dodge: Dodged            |    36 |    21 ||    57
Block: Buckler           |    12 |     9 ||    21
